Map: Scalo orbitale (Bilanciamento 3.0.5 v1.0)

Players

Jhyrachy

  • Race: Zerg Zerg
  • League: Silver

illusio - Winner!

  • Race: Zerg Zerg
  • League: Platinum

VOD

Have the link to the VOD?

Description

Time

  • Played on: Dec. 3, 2015, 3:08 p.m.
  • Length: 5:13
Show
View Real Time Build Order
Export as new Build Order

Jhyrachy Zerg 

Build Orders: Pool First 

Get SALT Encoding   

  12  0:02  Drone  
  13  0:12  Overlord  
  13  0:23  Drone  
  14  0:31  Drone  
  14  0:32  Drone  
  16  0:44  Extractor  
  15  0:50  Spawning Pool  
  15  0:54  Drone x2  
  16  1:06  Drone  
  17  1:22  Hatchery  
  16  1:36  Drone, Overlord  
  17  1:46  Metabolic Boost  
  17  1:53  Queen  
  19  2:05  Overlord  
  19  2:43  Queen  
  21  2:47  Zergling x2  
  21  2:48  Zergling x8  
  26  3:22  Evolution Chamber  
  25  3:37  Drone x2  
  25  3:38  Drone  
  25  3:39  Zergling x4  
  25  3:40  Zergling x10  
  35  3:43  Queen  
  37  3:58  Baneling Nest  
  37  4:02  Spine Crawler  
  35  4:10  Zergling x12  
  31  4:37  Zergling x2  
  31  4:38  Zergling x12  
  30  4:49  Zergling x8  
Show
View Real Time Build Order
Export as new Build Order

illusio Zerg - Winner!

Build Orders: Hatch First, Zergling Baneling 

Get SALT Encoding   

  12  0:01  Drone  
  13  0:13  Overlord  
  13  0:19  Drone  
  14  0:32  Drone  
  14  0:33  Drone  
  16  0:36  Drone  
  17  0:54  Hatchery  
  17  0:56  Drone  
  17  1:05  Extractor  
  16  1:11  Spawning Pool  
  16  1:14  Drone  
  16  1:19  Drone  
  17  1:28  Drone  
  17  1:32  Drone  
  19  1:40  Overlord  
  19  1:58  Zergling x2  
  19  2:00  Queen  
  22  2:05  Queen  
  22  2:07  Metabolic Boost  
  24  2:26  Baneling Nest  
  24  2:27  Drone  
  24  2:32  Overlord  
  24  2:39  Zergling x2  
  24  2:40  Zergling x8  
  29  2:50  Zergling x2  
  29  3:08  Zergling x2  
  29  3:09  Zergling x10  
  35  3:32  Zergling x2  
  35  3:33  Zergling x10  
  41  3:36  Overlord  
  41  3:43  Zergling x2  
  41  3:44  Zergling x4  
  44  3:53  Baneling x2  
  44  3:54  Baneling  
  44  3:58  Zergling x6  
  47  4:08  Baneling x7  
  47  4:13  Drone x2  
  45  4:39  Zergling x6  
  45  4:42  Zergling x2  
  45  4:43  Zergling x8  
  51  4:49  Baneling x3  
  51  4:52  Zergling x2  
Tags
 
Add a new tag
Caveats
  • Supply blocks, unpowered buildings, or Contaminate may cause inaccurate times.
  • Supply counts are checked every 10 seconds.